IL
NORFOLK TIDES @ OMAHA STORM CHASERS
06/03/2044
 
TOP OF THE 1ST
Norfolk Tides batting - Pitching for Omaha Storm Chasers : RHP Ken Hall
Pitching: RHP Ken Hall
Batting: LHB Hyoji Toda 0-0: Foul Ball, location: 2F
0-1: Ball
1-1: Foul Ball, location: 2F
1-2: Ball
2-2: Ball
3-2: Ground out 4-3 (Groundball, 4, EV 100.6 MPH)
Batting: LHB Gabe Pace 0-0: Called Strike
0-1: Called Strike
0-2: Strikes out looking
Batting: RHB Mario Saez 0-0: Called Strike
0-1: Ball
1-1: Swinging Strike
1-2: Strikes out swinging
Top of the 1st over - 0 runs, 0 hits, 0 errors, 0 left on base; Norfolk 0 - Omaha 0
BOTTOM OF THE 1ST
Omaha Storm Chasers batting - Pitching for Norfolk Tides : LHP Juan Becerra
Pitching: LHP Juan Becerra
Batting: RHB Jaden Warrior 0-0: Called Strike
0-1: Ball
1-1: Ball
2-1: Ball
3-1: Foul Ball, location: 2F
3-2: Strikes out swinging
Batting: RHB Mikolas Markus 0-0: Ball
1-0: Called Strike
1-1: Ball
2-1: Called Strike
2-2: Foul Ball, location: 2F
2-2: Foul Ball, location: 2F
2-2: SINGLE (Groundball, 4MD, EV 99.4 MPH)
Batting: RHB Nick Ogle 0-0: Ball
1-0: Ball
2-0: Ball
3-0: SINGLE (Groundball, 4MD, EV 100.6 MPH)
Mikolas Markus to second
Batting: LHB Roman Downey 0-0: Foul Ball, location: 2F
0-1: Called Strike
0-2: Grounds into double play, 4-6-3 (Groundball, 4, EV 88.1 MPH)
Bottom of the 1st over - 0 runs, 2 hits, 0 errors, 1 left on base; Norfolk 0 - Omaha 0
TOP OF THE 2ND
Norfolk Tides batting - Pitching for Omaha Storm Chasers : RHP Ken Hall
Batting: RHB Mike Hayward 0-0: Ball
1-0: Called Strike
1-1: Foul Ball, location: 2F
1-2: Strikes out swinging
Batting: LHB Tom Edwards 0-0: Called Strike
0-1: Ground out 4-3 (Groundball, 4, EV 91.9 MPH)
Batting: RHB Tony Logan 0-0: Ball
1-0: Called Strike
1-1: Swinging Strike
1-2: Strikes out swinging
Top of the 2nd over - 0 runs, 0 hits, 0 errors, 0 left on base; Norfolk 0 - Omaha 0
BOTTOM OF THE 2ND
Omaha Storm Chasers batting - Pitching for Norfolk Tides : LHP Juan Becerra
Batting: LHB Sam Britt 0-0: Ball
1-0: Foul Ball, location: 2F
1-1: Foul Ball, location: 2F
1-2: Fly out, F2 (Popup, 2LF, EV 95.6 MPH)
Batting: LHB Justin Rupert 0-0: Ball
1-0: Fly out, F5 (Popup, 5, EV 68.8 MPH)
Batting: RHB Chris Cooper 0-0: Called Strike
0-1: Ball
1-1: Called Strike
1-2: Ball
2-2: Strikes out swinging
Bottom of the 2nd over - 0 runs, 0 hits, 0 errors, 0 left on base; Norfolk 0 - Omaha 0
TOP OF THE 3RD
Norfolk Tides batting - Pitching for Omaha Storm Chasers : RHP Ken Hall
Batting: SHB Brian Bentz 0-0: Ball
1-0: Foul Ball, location: 2F
1-1: Fly out, F9 (Flyball, 89M, EV 93.1 MPH)
Batting: RHB Ricky Jimenez 0-0: Ball
1-0: Swinging Strike
1-1: Ball
2-1: Ground out 5-3 (Groundball, 5L, EV 85.6 MPH)
Batting: RHB Min-u Lee 0-0: Called Strike
0-1: Ball
1-1: Ball
2-1: Called Strike
2-2: Strikes out swinging
Top of the 3rd over - 0 runs, 0 hits, 0 errors, 0 left on base; Norfolk 0 - Omaha 0
BOTTOM OF THE 3RD
Omaha Storm Chasers batting - Pitching for Norfolk Tides : LHP Juan Becerra
Batting: LHB Chris Eaker 0-0: Foul Ball, location: 2F
0-1: Called Strike
0-2: SINGLE (Line Drive, 78S, EV 92.5 MPH)
Batting: RHB Kunimatsu Oya 0-0: SINGLE (Flyball, 8LS, EV 91.9 MPH)
Chris Eaker to second
Runner from 2nd tries for 3rd, SAFE, throw by CF made to third
Batting: RHB Jaden Warrior 0-0: Ground out 4-3 (Groundball, 34, EV 100.6 MPH)
Chris Eaker scores
Kunimatsu Oya to second
Batting: RHB Mikolas Markus 0-0: Ball
1-0: Ball
2-0: Called Strike
2-1: Foul Ball, location: 2F
2-2: Ball
3-2: Fly out, F8 (Line Drive, 8RM, EV 103.8 MPH)
Batting: RHB Nick Ogle 0-0: Called Strike
0-1: Fly out, F6 (Line Drive, 6, EV 62.5 MPH)
Bottom of the 3rd over - 1 run, 2 hits, 0 errors, 1 left on base; Norfolk 0 - Omaha 1
TOP OF THE 4TH
Norfolk Tides batting - Pitching for Omaha Storm Chasers : RHP Ken Hall
Batting: LHB Hyoji Toda 0-0: Foul Ball, location: 2F
0-1: Swinging Strike
0-2: Ball
1-2: Ball
2-2: Strikes out swinging
Batting: LHB Gabe Pace 0-0: Ball
1-0: Called Strike
1-1: Ball
2-1: Ground out U3 (Groundball, 3, EV 86.2 MPH)
Batting: RHB Mario Saez 0-0: Called Strike
0-1: Swinging Strike
0-2: Ball
1-2: Ball
2-2: Fly out, F4 (Line Drive, 4, EV 70.0 MPH)
Top of the 4th over - 0 runs, 0 hits, 0 errors, 0 left on base; Norfolk 0 - Omaha 1
BOTTOM OF THE 4TH
Omaha Storm Chasers batting - Pitching for Norfolk Tides : LHP Juan Becerra
Batting: LHB Roman Downey 0-0: Foul Ball, location: 2F
0-1: Called Strike
0-2: Ball
1-2: Strikes out swinging
Batting: LHB Sam Britt 0-0: Called Strike
0-1: Foul Ball, location: 2F
0-2: Foul Ball, location: 2F
0-2: Foul Ball, location: 2F
0-2: Ball
1-2: Foul Ball, location: 2F
1-2: Foul Ball, location: 2F
1-2: Ball
2-2: Ground out 6-3 (Groundball, 6M, EV 98.1 MPH)
Batting: LHB Justin Rupert 0-0: SINGLE (Line Drive, 8RS, EV 96.9 MPH)
Batting: RHB Chris Cooper 0-0: Swinging Strike
0-1: Ball
1-1: Ball
2-1: SINGLE (Groundball, 6M, EV 108.1 MPH) (infield hit)
Justin Rupert to second
Batting: LHB Chris Eaker 0-0: Called Strike
0-1: Ground out 4-3 (Groundball, 34D, EV 102.5 MPH)
Bottom of the 4th over - 0 runs, 2 hits, 0 errors, 2 left on base; Norfolk 0 - Omaha 1
TOP OF THE 5TH
Norfolk Tides batting - Pitching for Omaha Storm Chasers : RHP Ken Hall
Batting: RHB Mike Hayward 0-0: Ball
1-0: Ball
2-0: Ball
3-0: Called Strike
3-1: Base on Balls
Batting: LHB Tom Edwards 0-0: Ball
1-0: Ball
2-0: Ball
3-0: Called Strike
3-1: Swinging Strike
3-2: Foul Ball, location: 2F
3-2: Foul Ball, location: 2F
3-2: SINGLE (Groundball, 34D, EV 96.9 MPH)
Mike Hayward to second
Mike Hayward to third
Batting: RHB Tony Logan 0-0: Ball
1-0: Ball
2-0: Called Strike
2-1: SINGLE (Groundball, 6M, EV 106.2 MPH)
Mike Hayward scores
Tom Edwards to second
Batting: SHB Brian Bentz 0-0: Ball
1-0: Ball
Tony Logan is caught stealing 2nd base 2-6
Tom Edwards steals 3rd base
2-0: Called Strike
2-1: Ball
3-1: SINGLE (Line Drive, 8LS, EV 101.9 MPH)
Tom Edwards scores
Batting: RHB Ricky Jimenez 0-0: Called Strike
0-1: Swinging Strike
0-2: Foul Ball, location: 2F
0-2: Strikes out looking
Batting: RHB Min-u Lee 0-0: Called Strike
0-1: Ball
1-1: Swinging Strike
1-2: Foul Ball, location: 2F
1-2: Strikes out swinging
Top of the 5th over - 2 runs, 3 hits, 0 errors, 1 left on base; Norfolk 2 - Omaha 1
BOTTOM OF THE 5TH
Omaha Storm Chasers batting - Pitching for Norfolk Tides : LHP Juan Becerra
Batting: RHB Kunimatsu Oya 0-0: Ball
1-0: Ball
2-0: Ball
3-0: Called Strike
3-1: Foul Ball, location: 2F
3-2: Fly out, F9 (Line Drive, 9D, EV 85.0 MPH)
Batting: RHB Jaden Warrior 0-0: Swinging Strike
0-1: Fly out, F8 (Flyball, 8LXD, EV 95.0 MPH)
Batting: RHB Mikolas Markus 0-0: Foul Ball, location: 2F
0-1: Called Strike
0-2: Ball
1-2: Foul Ball, location: 2F
1-2: Foul Ball, location: 2F
1-2: Ball
2-2: Strikes out swinging
Bottom of the 5th over - 0 runs, 0 hits, 0 errors, 0 left on base; Norfolk 2 - Omaha 1
TOP OF THE 6TH
Norfolk Tides batting - Pitching for Omaha Storm Chasers : RHP Ken Hall
Batting: LHB Hyoji Toda 0-0: Ball
1-0: Called Strike
1-1: Ball
2-1: Ball
3-1: Foul Ball, location: 2F
3-2: Base on Balls
Batting: LHB Gabe Pace 0-0: Foul Ball, location: 2F
0-1: Foul Ball, location: 2F
0-2: Ball
1-2: Ball
2-2: Strikes out swinging
Batting: RHB Mario Saez 0-0: Ball
1-0: Swinging Strike
1-1: Foul Ball, location: 2F
1-2: Ball
Hyoji Toda steals 2nd base (no throw)
2-2: Foul Ball, location: 2F
2-2: Foul Ball, location: 2F
2-2: Foul Ball, location: 2F
2-2: Ball
3-2: Base on Balls
Batting: RHB Mike Hayward 0-0: Ball
1-0: SINGLE (Groundball, 15S, EV 71.9 MPH) (infield hit)
Hyoji Toda to third
Mario Saez to second
Pitching: RHP Brian Bright
Batting: LHB Tom Edwards 0-0: Called Strike
0-1: Ball
1-1: Called Strike
1-2: DOUBLE (Line Drive, 89M, EV 101.2 MPH)
Hyoji Toda scores
Mario Saez scores
Mike Hayward to third
Batting: RHB Tony Logan 0-0: Ball
1-0: Foul Ball, location: 2F
1-1: Swinging Strike
1-2: Ball
2-2: Strikes out swinging
Batting: SHB Brian Bentz 0-0: Called Strike
0-1: Ball
1-1: Ball
2-1: Hit by Pitch
Batting: RHB Ricky Jimenez 0-0: Fly out, F8 (Flyball, 78XD, EV 106.2 MPH)
Top of the 6th over - 2 runs, 2 hits, 0 errors, 3 left on base; Norfolk 4 - Omaha 1
BOTTOM OF THE 6TH
Omaha Storm Chasers batting - Pitching for Norfolk Tides : LHP Juan Becerra
Batting: RHB Nick Ogle 0-0: Called Strike
0-1: Foul Ball, location: 2F
0-2: Foul Ball, location: 2F
0-2: Ball
1-2: SINGLE (Line Drive, 5D, EV 102.5 MPH)
Batting: LHB Roman Downey 0-0: Called Strike
0-1: Ball
1-1: Ball
2-1: Ball
3-1: Foul Ball, location: 2F
3-2: Fly out, F5 (Popup, 56, EV 66.2 MPH)
Batting: LHB Sam Britt 0-0: Foul Ball, location: 2F
0-1: Swinging Strike
0-2: Ball
1-2: Strikes out swinging
Batting: LHB Justin Rupert 0-0: Called Strike
0-1: Called Strike
0-2: Ball
1-2: Ball
2-2: Foul Ball, location: 2F
2-2: Strikes out swinging
Bottom of the 6th over - 0 runs, 1 hit, 0 errors, 1 left on base; Norfolk 4 - Omaha 1
TOP OF THE 7TH
Norfolk Tides batting - Pitching for Omaha Storm Chasers : RHP Brian Bright
Pitching: RHP Sergio Quinones
Batting: RHB Min-u Lee 0-0: Called Strike
0-1: Foul Ball, location: 2F
0-2: Strikes out looking
Batting: LHB Hyoji Toda 0-0: Ball
1-0: Ball
2-0: Foul Ball, location: 2F
2-1: Ground out 4-3 (Groundball, 4, EV 91.2 MPH)
Batting: LHB Gabe Pace 0-0: Foul Ball, location: 2F
0-1: Ball
1-1: SINGLE (Groundball, 6MD, EV 98.1 MPH)
Batting: RHB Mario Saez 0-0: Called Strike
0-1: Ball
1-1: Ball
2-1: Foul Ball, location: 2F
2-2: Foul Ball, location: 2F
2-2: Fly out, F9 (Flyball, 9LS, EV 83.1 MPH)
Top of the 7th over - 0 runs, 1 hit, 0 errors, 1 left on base; Norfolk 4 - Omaha 1
BOTTOM OF THE 7TH
Omaha Storm Chasers batting - Pitching for Norfolk Tides : LHP Juan Becerra
Batting: RHB Chris Cooper 0-0: Called Strike
0-1: Ball
1-1: Called Strike
1-2: Foul Ball, location: 2F
1-2: Strikes out swinging
Pinch Hitting: RHB Ernest Olkowicz 0-0: Foul Ball, location: 2F
0-1: Ball
1-1: Ball
2-1: Ball
3-1: Swinging Strike
3-2: Base on Balls
Pitching: RHP Josh Boyles
Pinch Hitting: LHB Sam Ogg 0-0: Ball
1-0: DOUBLE (Flyball, 78D, EV 94.4 MPH)
Ernest Olkowicz to third
Batting: RHB Jaden Warrior 0-0: Ball
1-0: Foul Ball, location: 2F
1-1: Ball
2-1: Ball
3-1: Called Strike
3-2: Base on Balls
Pinch Hitting: LHB Frank Hill 0-0: Swinging Strike
0-1: Swinging Strike
0-2: Foul Ball, location: 2F
0-2: Ball
1-2: Ball
2-2: Foul Ball, location: 2F
2-2: Ball
3-2: Base on Balls
Ernest Olkowicz scores
Sam Ogg to third
Jaden Warrior to second
Batting: RHB Nick Ogle 0-0: Ball
1-0: Ball
2-0: Grounds into double play, 5-2-3 (Groundball, 5S, EV 68.1 MPH)
Bottom of the 7th over - 1 run, 1 hit, 0 errors, 2 left on base; Norfolk 4 - Omaha 2
TOP OF THE 8TH
Norfolk Tides batting - Pitching for Omaha Storm Chasers : RHP Sergio Quinones
Pitching: RHP Gan Ts'ong
Now at 1B: Sam Ogg
Now at 3B: Jim Beaver
Now at SS: Yuichi Takata
Batting: RHB Mike Hayward 0-0: Called Strike
0-1: Swinging Strike
0-2: Strikes out swinging
Batting: LHB Tom Edwards 0-0: Ball
1-0: Ground out 1-3 (Groundball, 34S, EV 74.4 MPH)
Batting: RHB Tony Logan 0-0: Called Strike
0-1: Fly out, F7 (Flyball, 7D, EV 91.2 MPH)
Top of the 8th over - 0 runs, 0 hits, 0 errors, 0 left on base; Norfolk 4 - Omaha 2
BOTTOM OF THE 8TH
Omaha Storm Chasers batting - Pitching for Norfolk Tides : RHP Josh Boyles
Batting: LHB Roman Downey 0-0: Ground out 5-3 (Groundball, 56, EV 97.5 MPH)
Batting: LHB Sam Britt 0-0: Called Strike
0-1: Called Strike
0-2: Strikes out swinging
Batting: LHB Justin Rupert 0-0: Ball
1-0: Called Strike
1-1: Ground out 4-3 (Groundball, 4, EV 88.1 MPH)
Bottom of the 8th over - 0 runs, 0 hits, 0 errors, 0 left on base; Norfolk 4 - Omaha 2
TOP OF THE 9TH
Norfolk Tides batting - Pitching for Omaha Storm Chasers : RHP Gan Ts'ong
Batting: SHB Brian Bentz 0-0: Ball
1-0: Called Strike
1-1: Called Strike
1-2: Fly out, F8 (Flyball, 8LD, EV 79.4 MPH)
Batting: RHB Ricky Jimenez 0-0: Ball
1-0: Ball
2-0: Called Strike
2-1: Ball
3-1: Foul Ball, location: 2F
3-2: Hit by Pitch
Batting: RHB Min-u Lee 0-0: Ball
1-0: Called Strike
1-1: Swinging Strike
1-2: Foul Ball, location: 2F
1-2: Grounds into double play, 4-6-3 (Groundball, 4M, EV 80.6 MPH)
Top of the 9th over - 0 runs, 0 hits, 0 errors, 0 left on base; Norfolk 4 - Omaha 2
BOTTOM OF THE 9TH
Omaha Storm Chasers batting - Pitching for Norfolk Tides : RHP Josh Boyles
Pitching: RHP Tony Huete
Batting: RHB Chris Cooper 0-0: Fly out, F8 (Flyball, 89S, EV 91.9 MPH)
Pinch Hitting: LHB Ronnie Ashley 0-0: Called Strike
0-1: Fly out, F8 (Flyball, 8RM, EV 70.6 MPH)
Batting: LHB Sam Ogg 0-0: Ground out U3 (Groundball, 3S, EV 76.2 MPH)
Bottom of the 9th over - 0 runs, 0 hits, 0 errors, 0 left on base; Norfolk 4 - Omaha 2
Thursday, March 31st , 2022 - OOTP Baseball 22.12 Build 89